 Dungeon Crawl Stone Soup version 0.25-a0-420-g1cc7eeb0d1 (webtiles) character file.

Game seed: 3420593045794912623, levelgen mode: deterministic

7102 Borgoz the Basher (level 11, -9/68 HPs)
             Began as a Gargoyle Gladiator on Jan 19, 2020.
             Was an Initiate of Ashenzari.
             Killed by divine providence
             ... invoked by an orc priest
              (18 damage)
             ... on level 9 of the Dungeon.
             The game lasted 00:20:36 (10157 turns).

Borgoz the Basher (Gargoyle Gladiator)             Turns: 10157, Time: 00:20:36

Health: -9/68      AC: 29    Str: 19    XL:     11   Next: 10%
Magic:  9/9        EV: 11    Int: 14    God:    Ashenzari [......]
Gold:   578        SH:  0    Dex: 12    Spells: 10/10 levels left

rFire    . . .     SeeInvis +   w - +1 mace (protect)
rCold    . . .     Gourm    .   (no shield)
rNeg     + . .     Faith    .   B - +5 chain mail "Pajamnug" {Int+4 SInv}
rPois    ∞         Spirit   .   c - +0 helmet
rElec    +         Reflect  .   E - +0 cloak
rCorr    .         Harm     +   g - +0 pair of gloves
MR       +....                  y - -2 pair of boots (curse)
Stlth    ..........             m - amulet of harm
HPRegen  0.21/turn              o - +3 ring of protection
MPRegen  0.11/turn              k - ring of protection from magic

@: about to teleport
A: low mp 1, negative energy resistance 1, electricity resistance, unbreathing,
petrification resistance, rot immunity, AC +8
a: Curse Item, Renounce Religion


You were on level 9 of the Dungeon.
You worshipped Ashenzari.
Ashenzari was noncommittal.
You were hungry.

You visited 2 branches of the dungeon, and saw 11 of its levels.
You also visited: Sewer.

You collected 578 gold pieces.

Inventory:

Hand Weapons
 w - a +1 mace of protection (weapon)
Armour
 c - a +0 helmet (worn)
 g - a +0 pair of gloves (worn)
 y - a cursed -2 pair of boots (worn)
 B - the +5 chain mail "Pajamnug" (worn) {Int+4 SInv}
   (You found it on level 6 of the Dungeon)

   It affects your intelligence (+4).
   It lets you see invisible.
 E - a +0 cloak (worn)
Jewellery
 k - a ring of protection from magic (right hand)
 m - an amulet of harm (around neck)
 o - a +3 ring of protection (left hand)
 C - an uncursed ring of positive energy
Wands
 v - a wand of clouds (8)
Scrolls
 a - 2 scrolls of teleportation
 d - a scroll of vulnerability {unknown}
 e - 4 scrolls of fear
 i - 3 scrolls of blinking {unknown}
 j - 3 scrolls of remove curse
 l - 2 scrolls of noise {unknown}
 r - a scroll of enchant weapon {unknown}
 u - a scroll of magic mapping {unknown}
 z - 3 scrolls of fog
 D - a scroll of random uselessness {unknown}
Potions
 b - a potion of ambrosia {unknown}
 h - 2 potions of curing
 n - 3 potions of invisibility
 p - 3 potions of heal wounds
 q - 4 potions of resistance
 s - a potion of berserk rage
 x - 2 potions of flight
 A - 4 potions of haste
Comestibles
 f - 19 rations
 t - a chunk of flesh


   Skills:
 + Level 7.8 Fighting
 * Level 10.2 Maces & Flails
 - Level 1.7 Throwing
 + Level 7.2 Armour
 * Level 8.6 Dodging


You had 10 spell levels left.
You didn't know any spells.
Your spell library contained the following spells:

 Spells                   Type           Power        Failure   Level  Hunger
 Pain                     Necr           #...         95%         1    ##.....


Dungeon Overview and Level Annotations

Branches:
Dungeon (10/15)            Temple (1/1) D:7           Sewer (visited)
   Lair: D:8-11         Orc: D:9-12

Altars:
Ashenzari
Cheibriados
Dithmenos
Elyvilon
Fedhas
Gozag
Hepliaklqana
Kikubaaqudgha
Makhleb
Nemelex Xobeh
Okawaru
Qazlal
Ru
Sif Muna
Trog
Uskayaw
Vehumet
Wu Jian
Xom
Yredelemnul
Zin
The Shining One
Lugonu


Innate Abilities, Weirdness & Mutations

You are resistant to torment.
Your stone body is resilient. (AC +8)
You are immune to poison.
You resist negative energy. (rN+)
You are resistant to electric shocks. (rElec)
You can survive without breathing.
You are immune to petrification.
You are immune to rotting.
Your magical capacity is low. (-10% MP)


Message History

You closely miss the orc warrior.
The orc warrior is lightly wounded.
The orc warrior hits you but does no damage.
The orc priest calls down the wrath of Beogh upon you.
Beogh smites you!
You hit the orc warrior.
The orc warrior is lightly wounded.
The orc priest barely misses you.
The orc warrior hits you but does no damage.
As you read the scroll of teleportation, it crumbles to dust.
You feel strangely unstable.
The orc priest calls upon Beogh to heal the orc warrior.
The orc warrior's wounds heal themselves!
The orc warrior misses you.
The orc priest calls down the wrath of Beogh upon you.
Beogh smites you!
* * * LOW HITPOINT WARNING * * *
The orc priest calls down the wrath of Beogh upon you.
Beogh smites you!
You die...

≈≈≈≈≈≈≈≈≈≈≈≈≈≈8≈.#
############[/≈≈[#
........#[≈≈.#
........##≈≈.#
.[.....o.oo..#
).......##≈≈.#
........#.≈≈o#
############'.≈≈.#
≈≈≈≈≈≈≈≈≈≈≈≈≈≈8≈@#
≈≈≈≈≈≈≈≈≈≈≈≈≈≈≈8.#
.................#
).).....##########
........#
........##
.........#
.........#
.........#


You could see an orc warrior, an orc priest and an orc.

Vanquished Creatures
  Erica (D:8)
  Maurice (D:8)
  2 hornets (D:8)
  A hippogriff (D:8)
  Grinder (D:3)
  Sigmund (D:3)
  A wyvern (D:8)
  A yak (D:7)
  2 hungry ghosts
  Menkaure (D:6)
  2 soldier ants (D:8)
  An acid dragon (D:7)
  2 orc warriors (D:9)
  An ice beast (D:6)
  An ogre (D:5)
  3 necrophages
  3 sky beasts
  2 phantoms (D:8)
  2 centaurs
  3 bullfrogs
  5 big kobolds
  4 scorpions
  3 killer bees (D:7)
  2 electric eels (D:9)
  6 howler monkeys
  3 crimson imps
  3 bullfrog zombies
  A centaur zombie (D:6)
  2 bullfrog skeletons
  6 hounds
  4 orc priests
  2 jellies
  A centaur skeleton (D:6)
  Jessica (D:2)
  An iguana (D:4)
  Natasha (thrice) (D:3)
  6 orc wizards
  11 worker ants
  A hound skeleton (D:4)
  15 gnolls
  A howler monkey skeleton (D:6)
  3 river rats (Sewer)
  12 adders
  2 shadow imps (D:6)
  2 adder zombies (D:7)
  A worm (D:2)
  2 dart slugs
  5 leopard geckos
  29 orcs
  6 giant cockroaches
  27 hobgoblins
  8 jackals
  27 kobolds
  9 quokkas
  5 ball pythons
  8 bats
  9 frilled lizards
  36 goblins
  A quokka zombie (D:5)
  18 rats
323 creatures vanquished.

Notes
Turn   | Place    | Note
-------+----------+-------------------------------------------
     0 | D:1      | Borgoz the Gargoyle Gladiator began the quest for the Orb.
     0 | D:1      | Reached XP level 1. HP: 12/12 MP: 1/1
   406 | D:1      | Reached XP level 2. HP: 16/17 MP: 2/2
   601 | D:1      | Reached XP level 3. HP: 22/22 MP: 3/3
   721 | D:1      | Reached skill level 1 in Armour
  1423 | D:2      | Reached XP level 4. HP: 26/27 MP: 4/4
  1582 | D:2      | Found an opulent altar of Gozag.
  1583 | D:2      | Found a stormy altar of Qazlal.
  1689 | D:2      | Noticed Jessica
  1695 | D:2      | Killed Jessica
  1703 | D:2      | Reached skill level 4 in Maces & Flails
  1705 | D:2      | Reached XP level 5. HP: 24/32 MP: 5/5
  1777 | D:2      | Found a shadowy altar of Dithmenos.
  1891 | D:3      | Noticed Sigmund
  1892 | D:3      | Noticed Natasha
  2062 | D:3      | Killed Sigmund
  2062 | D:3      | Reached XP level 6. HP: 37/37 MP: 6/6
  2124 | D:3      | Killed Natasha
  2289 | D:3      | Found a stormy altar of Qazlal.
  2334 | D:3      | Noticed Natasha
  2340 | D:3      | Killed Natasha
  2801 | D:3      | Noticed Natasha
  2813 | D:3      | Killed Natasha
  2813 | D:3      | Reached skill level 5 in Maces & Flails
  2946 | D:3      | Noticed Grinder
  2952 | D:3      | Paralysed by Grinder for 4 turns
  2962 | D:3      | Killed Grinder
  2962 | D:3      | Reached XP level 7. HP: 33/43 MP: 7/7
  3441 | D:3      | Reached XP level 8. HP: 23/48 MP: 8/8
  3910 | D:3      | Reached skill level 6 in Maces & Flails
  3910 | D:3      | Reached skill level 5 in Dodging
  4161 | D:4      | Found a white marble altar of Elyvilon.
  4685 | D:5      | Entered Level 5 of the Dungeon
  4695 | D:5      | Reached skill level 5 in Fighting
  4913 | D:5      | Got a dazzling falchion
  5076 | D:5      | Reached skill level 7 in Maces & Flails
  5263 | D:5      | Reached XP level 9. HP: 46/54 MP: 9/9
  5337 | D:5      | Identified the cursed +1 falchion "Wube" {vorpal, *Contam
                  | Str+5} (You found it on level 5 of the Dungeon)
  5402 | D:5      | Gained mutation: Your magical capacity is low. (-10% MP)
                  | [mutagenic glow]
  5675 | D:5      | Found a burning altar of Makhleb.
  5918 | D:6      | Found a glowing drain.
  5968 | Sewer    | Entered a sewer
  6123 | Sewer    | Found a glowing silver altar of Zin.
  6325 | D:6      | Reached skill level 5 in Armour
  6460 | D:6      | Noticed Menkaure
  6469 | D:6      | Killed Menkaure
  6499 | D:6      | Got a bloodstained chain mail
  6550 | D:6      | Identified the +5 chain mail "Pajamnug" {Int+4 SInv} (You
                  | found it on level 6 of the Dungeon)
  6831 | D:6      | Reached skill level 8 in Maces & Flails
  7241 | D:7      | Reached XP level 10. HP: 61/61 MP: 9/9
  7386 | D:7      | Found a staircase to the Ecumenical Temple.
  7510 | D:7      | Found a shimmering blue altar of Sif Muna.
  7510 | D:7      | Found an ancient bone altar of Kikubaaqudgha.
  7512 | D:7      | Found a radiant altar of Vehumet.
  7514 | D:7      | Identified Kikubaaqudgha's Reference Book on Evil
  7924 | D:8      | Noticed Maurice
  7952 | D:8      | Reached skill level 9 in Maces & Flails
  7973 | D:8      | Killed Maurice
  8028 | D:8      | Found an iron altar of Okawaru.
  8029 | D:8      | Found a shattered altar of Ashenzari.
  8029 | D:8      | Found a blossoming altar of Fedhas.
  8032 | D:8      | Noticed Erica
  8202 | D:8      | Killed Erica
  8262 | D:8      | Found a white marble altar of Elyvilon.
  8267 | D:8      | Became a worshipper of Ashenzari the Shackled
  8390 | D:8      | Found a hide-covered altar of Uskayaw.
  8434 | D:8      | Found a sparkling altar of Nemelex Xobeh.
  8647 | D:8      | Reached skill level 10 in Maces & Flails
  8982 | Temple   | Entered the Ecumenical Temple
  9176 | D:9      | Reached XP level 11. HP: 67/67 MP: 9/9
  9956 | D:10     | Entered Level 10 of the Dungeon
 10157 | D:9      | Killed from afar by an orc priest

Levels and vault maps discovered:
D:1:      lemuel_arrival_muddy, layout_loops_cross, grunt_decor_fettered,
          minmay_domino_2
D:2:      layout_loops_cross, grunt_dithmenos_smoke, minitemple, uniq_jessica
D:3:      minmay_goblin_kobold_castle, layout_basic, first_ration,
          nicolae_qazlal_general_emergency, uniq_sigmund, uniq_natasha,
          uniq_grinder
D:4:      minmay_chambers_of_fours, layout_basic, serial_glass, glass_columns_b,
          glass_columns_c, elyvilon_altar_5
D:5:      layout_basic, bloody_makhleb
D:6:      layout_gridville, portal_sewer_entry_a, uniq_menkaure
D:7:      kennysheep_big_flooded_room, layout_loops_ring,
          grunt_temple_overflow_magic_moments, minmay_temple_entry_overgrown,
          grunt_ministairs_14
D:8:      layout_rooms, nemelex_altar_shiori, eat_drink_and_be_merry_uskayaw,
          nicolae_overflow_quartered_altars, hangedman_pestilent_swarm,
          uniq_erica, uniq_maurice
D:9:      layout_cave_pods, erik_orc_2
D:10:     minmay_weird_star, layout_rooms
Temple:   kb_corrupted_temple

Skill      XL: |  1  2  3  4  5  6  7  8  9 10 |
---------------+-------------------------------+-----
Armour         | 1 2 3 4 5 7 |  7.2
Dodging        | 3 4 5 7 8 |  8.6
Fighting       | 3 4 5 6 7 |  7.8
Maces & Flails | 4 5 7 8 10 | 10.2
Throwing       | |  1.7

Action                   |  1- 3 |  4- 6 |  7- 9 | 10-12 || total
-------------------------+-------+-------+-------+-------++-------
Melee: Flail             |   154 |   186 |   401 |       ||   741
       Mace              |       |       |   269 |   479 ||   748
Throw: Throwing net      |       |     2 |     2 |     1 ||     5
  Use: Scroll            |     3 |     3 |     8 |     3 ||    17
       Potion            |       |     1 |     2 |     3 ||     6
 Stab: Held in net/web   |       |       |       |     1 ||     1
       Invisible         |       |       |       |     3 ||     3
  Eat: Chunk             |     2 |     5 |    15 |    14 ||    36
       Ration            |       |       |       |     3 ||     3
Armor: Leather armour    |    37 |       |       |       ||    37
       Ring mail         |    40 |    31 |       |       ||    71
       Scale mail        |       |    81 |   432 |       ||   513
       Chain mail        |       |       |   103 |   308 ||   411
Dodge: Dodged            |   137 |   151 |   532 |   222 ||  1042
Block: Buckler           |       |       |    56 |    59 ||   115

Table legend:
 A = Non-vault XP
 B = Vault XP
 C = Vault XP percentage of total XP
 D = Non-vault monster count
 E = Vault monster count
 F = Vault count percentage of total count
                 A         B        C        D         E       F
            +---------+---------+-------+---------+---------+-------
      Total |    5739 |    4408 |  43.4 |     216 |     107 |  33.1
            +---------+---------+-------+---------+---------+-------
        D:1 |      47 |       2 |   4.1 |      30 |       2 |   6.2
        D:2 |      98 |      37 |  27.4 |      32 |       1 |   3.0
        D:3 |     215 |     925 |  81.1 |      29 |      62 |  68.1
        D:4 |     516 |       6 |   1.1 |      20 |       2 |   9.1
        D:5 |     848 |       0 |   0.0 |      22 |       0 |   0.0
        D:6 |     742 |     182 |  19.7 |      20 |       8 |  28.6
        D:7 |     782 |     408 |  34.3 |      18 |       4 |  18.2
        D:8 |    1907 |    2289 |  54.6 |      36 |       6 |  14.3
        D:9 |     584 |     408 |  41.1 |       9 |       9 |  50.0
      Sewer |       0 |     151 | 100.0 |       0 |      13 | 100.0
            +---------+---------+-------+---------+---------+-------
